Map: [ESL] Hard Lead

Players

ShoWTimE

  • Race: Protoss Protoss
  • Spawn Location: 5:00

Dark - Winner!

  • Race: Zerg Zerg
  • Spawn Location: 11:00

VOD

Have the link to the VOD?

Description

Time

  • Played on: Dec. 11, 2023, 7:12 a.m.
  • Length: 19:03
Show
View Real Time Build Order
Export as new Build Order

ShoWTimE Protoss 

Build Orders:  

Get SALT Encoding   

  12  0:00  Probe  
  13  0:12  Probe  
  14  0:18  Pylon  
  14  0:24  Probe (Chrono Boost)  
  15  0:36  Probe (Chrono Boost)  
  15  0:38  Gateway  
  16  0:45  Probe (Chrono Boost)  
  16  0:46  Assimilator  
  17  0:51  Probe  
  18  1:03  Probe  
  19  1:15  Probe  
  20  1:21  Gateway  
  20  1:23  Zealot (Chrono Boost)  
  22  1:28  Cybernetics Core  
  22  1:33  Pylon  
  22  1:38  Probe  
  25  1:54  Probe  
  25  1:55  Zealot (Chrono Boost)  
  26  2:06  Adept (Chrono Boost)  
  28  2:21  Adept (Chrono Boost)  
  28  2:24  Probe  
  28  2:29  Adept  
  28  2:36  Probe  
  29  2:52  Probe, Pylon  
  30  3:09  Nexus, Warp Gate  
  28  3:14  Assimilator  
  28  3:15  Probe  
  29  3:27  Stargate  
  29  3:30  Probe  
  30  3:41  Pylon  
  30  3:42  Probe  
  31  3:49  Pylon  
  31  3:55  Shield Battery  
  31  3:59  Probe  
  32  4:13  Probe (Chrono Boost)  
  32  4:14  Void Ray (Chrono Boost)  
  37  4:21  Probe (Chrono Boost)  
  39  4:30  Probe x2 (Chrono Boost)  
  39  4:31  Twilight Council  
  40  4:35  Probe (Chrono Boost)  
  40  4:36  Probe  
  42  4:44  Oracle  
  45  4:48  Probe x2  
  47  4:56  Gateway  
  47  5:00  Probe x2  
  47  5:02  Resonating Glaives (Chrono Boost)  
  47  5:05  Adept  
  51  5:12  Adept, Probe x2  
  55  5:18  Pylon  
  55  5:24  Probe x2  
  57  5:34  Adept x2  
  61  5:36  Probe x2  
  61  5:37  Pylon  
  63  5:48  Probe  
  64  5:50  Nexus  
  64  5:53  Probe  
  65  6:00  Probe  
  65  6:03  Adept x3  
  72  6:06  Pylon  
  72  6:10  Probe  
  73  6:12  Probe  
  73  6:13  Assimilator  
  73  6:15  Assimilator  
  74  6:24  Adept x3  
  80  6:27  Probe x2  
  80  6:29  Blink (Chrono Boost)  
  80  6:30  Pylon  
  82  6:39  Probe  
  84  6:40  Probe  
  84  6:47  Adept x2  
  86  6:51  Probe  
  86  6:52  Probe  
  86  7:04  Probe x3  
  86  7:07  Forge  
  85  7:11  Stalker x3  
  87  7:16  Probe x3  
  90  7:26  Shield Battery  
  90  7:28  Probe x3  
  90  7:29  Pylon  
  85  7:38  Stalker x3  
  85  7:39  Protoss Ground Weapons Level 1 (Chrono Boost)  
  85  7:40  Probe x3  
  90  7:48  Gateway  
  90  7:50  Gateway  
  90  7:51  Gateway  
  90  7:57  Robotics Facility  
  93  8:05  Stalker x3  
  96  8:08  Pylon  
  96  8:10  Charge (Chrono Boost)  
  96  8:13  Nexus  
  96  8:16  Pylon  
  96  8:19  Forge  
  96  8:30  Stalker x3  
  102  8:34  Shield Battery  
  102  8:37  Photon Cannon  
  102  8:41  Gateway  
  102  8:45  Gateway  
  102  8:46  Warp Prism (Chrono Boost)  
  102  8:55  Stalker x6  
  116  8:57  Probe x2  
  116  8:58  Probe  
  116  9:00  Protoss Ground Armor Level 1 (Chrono Boost)  
  116  9:02  Photon Cannon  
  119  9:15  Pylon  
  120  9:18  Observer  
  116  9:35  Stalker x6  
  128  9:47  Protoss Ground Weapons Level 2 (Chrono Boost)  
  128  9:57  Nexus  
  128  10:05  Zealot x8  
  144  10:07  Probe x2  
  144  10:08  Probe  
  144  10:09  Pylon  
  144  10:11  Robotics Bay  
  139  10:26  Zealot x8  
  147  10:31  Probe x2  
  147  10:32  Gateway, Probe  
  147  10:33  Gateway  
  147  10:34  Shield Battery  
  150  10:35  Pylon  
  150  10:40  Photon Cannon  
  150  10:42  Photon Cannon  
  150  10:44  Shield Battery  
  150  10:46  Observer (Chrono Boost)  
  151  10:52  Zealot x6, Protoss Ground Armor Level 2 (Chrono Boost)  
  163  11:00  Pylon, Colossus (Chrono Boost)  
  163  11:02  Pylon  
  169  11:07  Extended Thermal Lance  
  169  11:09  Probe x4  
  169  11:10  Probe  
  174  11:21  Probe x2  
  174  11:24  Zealot x8  
  192  11:39  Pylon  
  192  11:40  Shield Battery  
  192  11:44  Pylon  
  192  11:45  Gateway, Colossus (Chrono Boost)  
  192  11:47  Gateway, Probe x2  
  200  12:07  Zealot x6  
  200  12:08  Zealot x3  
  182  12:18  Protoss Ground Weapons Level 3 (Chrono Boost)  
  182  12:19  Probe  
  181  12:28  Nexus, Pylon  
  141  12:43  Gateway  
  141  12:44  Gateway  
  141  12:45  Zealot x4  
  141  12:47  Zealot x6, Immortal (Chrono Boost)  
  165  12:52  Robotics Facility  
  165  12:57  Photon Cannon  
  165  12:58  Photon Cannon  
  165  12:59  Assimilator, Probe x4  
  165  13:00  Probe  
  165  13:02  Templar Archives  
  165  13:03  Assimilator  
  165  13:04  Assimilator  
  170  13:08  Zealot x12  
  170  13:10  Assimilator  
  192  13:21  Photon Cannon  
  192  13:23  Photon Cannon  
  192  13:25  Immortal (Chrono Boost), Photon Cannon  
  192  13:26  Photon Cannon  
  190  13:28  Photon Cannon  
  190  13:32  Shield Battery, Robotics Facility  
  194  13:41  Photon Cannon  
  194  13:43  Photon Cannon  
  194  13:44  Shield Battery  
  194  13:45  High Templar x3  
  194  13:49  Shield Battery  
  194  13:51  High Templar x5  
  194  13:55  Archon x4  
  190  13:57  Immortal (Chrono Boost)  
  190  14:00  Immortal (Chrono Boost)  
  194  14:10  Shield Battery  
  194  14:11  Zealot x3  
  194  14:12  Pylon  
  186  14:31  Zealot x2  
  186  14:32  Zealot x3  
  183  14:47  Zealot x7  
  192  14:57  Gateway  
  192  14:58  Gateway  
  176  15:02  Zealot x4  
  176  15:10  High Templar x5  
  176  15:11  High Templar x2  
  171  15:15  Archon x2  
  171  15:16  Archon  
  171  15:21  Nexus  
  135  15:39  Pylon  
  135  15:41  Pylon  
  135  15:43  Pylon  
  135  15:44  Pylon  
  135  15:45  Pylon  
  135  16:01  Pylon  
  135  16:03  Pylon  
  135  16:04  Pylon x2  
  135  16:06  Pylon  
  135  16:07  Pylon  
  135  16:15  Pylon  
  135  16:17  Pylon  
  134  16:18  Pylon  
  134  16:21  Pylon  
  134  16:25  Zealot  
  134  16:26  Zealot  
  134  16:29  Probe  
  134  16:32  Probe  
  140  16:41  Probe  
  140  16:44  Probe  
  142  16:47  Pylon  
  142  16:53  Probe  
  143  16:56  Probe  
  144  17:05  Probe  
  146  17:09  Zealot x2  
  146  17:11  Observer (Chrono Boost)  
  146  17:14  Cybernetics Core  
  146  17:15  Assimilator  
  150  17:17  Probe  
  150  17:19  Assimilator  
  151  17:26  Probe  
  153  17:32  Observer  
  153  17:36  Zealot x2  
  157  17:38  Probe  
  150  17:58  Probe  
  150  18:01  Probe  
  151  18:10  Probe, Immortal (Chrono Boost)  
  152  18:13  Twilight Council  
  152  18:14  Gateway, Probe  
  157  18:22  Zealot x2, Probe  
  162  18:33  Shield Battery  
  162  18:34  Probe (Chrono Boost)  
  162  18:35  Assimilator  
  164  18:41  Probe (Chrono Boost)  
  164  18:46  Probe (Chrono Boost)  
  165  18:51  Probe (Chrono Boost)  
  136  18:57  Zealot x2  
Show
View Real Time Build Order
Export as new Build Order

Dark Zerg - Winner!

Build Orders: Pool First, Lurkers 

Get SALT Encoding   

  12  0:17  Spawning Pool  
  11  0:22  Drone  
  11  0:26  Drone  
  13  0:31  Drone  
  14  0:41  Overlord  
  14  1:04  Zergling x4  
  16  1:14  Hatchery  
  16  1:16  Zergling x2  
  16  1:20  Zergling x2  
  17  1:28  Zergling x2  
  18  1:38  Zergling x2  
  19  1:53  Hatchery  
  18  1:57  Zergling x2  
  19  2:08  Zergling x2  
  21  2:20  Queen  
  20  2:23  Zergling x2  
  20  2:25  Zergling x2  
  20  2:33  Drone  
  21  2:42  Drone  
  20  2:56  Queen  
  22  3:05  Queen  
  22  3:06  Zergling x6  
  27  3:15  Overlord  
  27  3:18  Zergling x2  
  28  3:33  Queen  
  30  3:34  Overlord  
  30  3:37  Drone x4  
  30  3:39  Drone  
  35  3:49  Overlord  
  35  3:50  Drone  
  35  3:54  Drone  
  37  4:02  Drone  
  38  4:07  Drone x3  
  38  4:08  Drone  
  42  4:11  Drone  
  42  4:13  Drone  
  42  4:15  Drone  
  45  4:18  Drone  
  45  4:24  Drone x2  
  48  4:36  Hatchery  
  48  4:38  Drone  
  48  4:44  Drone x4  
  52  4:50  Overlord  
  52  4:51  Overlord  
  52  5:08  Queen x2  
  52  5:10  Drone x4  
  60  5:19  Spore Crawler, Drone  
  60  5:20  Overlord x2  
  60  5:27  Spore Crawler  
  60  5:28  Drone  
  60  5:41  Drone x5  
  60  5:42  Drone x2  
  67  5:44  Drone x2, Queen  
  70  5:53  Drone x4  
  70  5:54  Drone  
  75  5:59  Drone  
  75  6:01  Extractor x2  
  74  6:04  Queen  
  74  6:11  Drone x2  
  78  6:13  Hatchery  
  77  6:19  Extractor  
  77  6:20  Drone x5  
  77  6:21  Roach Warren  
  77  6:24  Zergling x2  
  81  6:28  Spine Crawler x2  
  81  6:31  Spine Crawler  
  73  6:41  Zergling x2  
  73  6:42  Zergling x12  
  75  6:49  Queen x3  
  75  6:52  Zergling x6  
  74  7:04  Roach  
  73  7:08  Roach  
  73  7:12  Drone  
  71  7:20  Drone  
  68  7:22  Drone  
  68  7:25  Drone  
  68  7:28  Drone  
  69  7:32  Drone x2  
  69  7:34  Drone  
  69  7:35  Drone  
  71  7:37  Drone  
  71  7:38  Drone  
  71  7:41  Drone x2  
  71  7:43  Drone  
  75  7:45  Drone  
  75  7:46  Drone  
  75  7:48  Drone  
  75  7:50  Drone x2  
  80  7:56  Drone  
  80  7:58  Drone x4  
  84  8:05  Lair  
  85  8:07  Drone x3  
  85  8:08  Evolution Chamber  
  87  8:14  Drone  
  87  8:15  Overlord x3  
  87  8:19  Overlord  
  87  8:20  Overlord  
  87  8:22  Overlord  
  87  8:23  Extractor  
  86  8:27  Extractor  
  86  8:28  Overlord  
  86  8:30  Overlord  
  85  8:34  Roach  
  85  8:35  Roach x2  
  85  8:36  Ravager x2  
  85  8:41  Zergling x10  
  98  8:44  Drone x2  
  98  8:45  Drone x2  
  98  8:48  Zerg Missile Weapons Level 1  
  102  8:49  Metabolic Boost  
  102  8:59  Drone x9  
  111  9:03  Drone x3  
  111  9:07  Drone x4  
  117  9:10  Drone, Extractor x2  
  117  9:11  Drone  
  117  9:13  Drone  
  117  9:14  Drone  
  117  9:15  Drone  
  120  9:18  Extractor  
  120  9:20  Infestation Pit  
  120  9:23  Hydralisk Den, Drone x3  
  117  9:29  Zergling x12  
  123  9:34  Zergling x6  
  121  9:40  Zergling x10  
  121  9:44  Zergling x4  
  125  9:51  Roach x7  
  139  9:58  Grooved Spines  
  138  10:06  Roach x4  
  138  10:07  Roach x2  
  150  10:09  Roach  
  150  10:19  Roach  
  150  10:20  Roach  
  150  10:21  Overlord  
  150  10:22  Overlord x6  
  150  10:25  Overlord  
  150  10:27  Overlord  
  148  10:33  Hive  
  148  10:34  Overlord  
  148  10:35  Overlord  
  148  10:37  Hydralisk x2  
  148  10:41  Hydralisk x4  
  160  10:43  Hydralisk  
  160  10:46  Zerg Missile Weapons Level 2  
  160  10:47  Hydralisk  
  160  10:49  Muscular Augments  
  164  10:53  Drone  
  164  10:54  Drone x2, Lurker Den  
  165  10:58  Hydralisk x2  
  169  11:06  Hydralisk  
  169  11:07  Hydralisk x3  
  177  11:11  Overseer  
  177  11:16  Zergling x16  
  185  11:20  Glial Reconstitution  
  185  11:28  Overlord  
  185  11:30  Hydralisk x5  
  194  11:43  Overlord  
  194  11:44  Overlord  
  194  11:51  Seismic Spines  
  194  11:52  Lurker x3  
  175  12:18  Lurker x2  
  175  12:20  Zergling x24  
  161  12:31  Hydralisk x4  
  163  12:39  Lurker x2  
  163  12:40  Lurker x5  
  163  12:43  Drone x3  
  163  12:44  Drone  
  174  12:47  Hydralisk  
  174  12:48  Adaptive Talons  
  176  12:51  Lurker  
  176  12:53  Hydralisk x2  
  176  12:54  Zergling x2  
  176  12:58  Zergling x2  
  183  13:04  Zergling x6  
  186  13:08  Lurker x3  
  186  13:09  Zergling x2  
  186  13:12  Hatchery  
  185  13:21  Hydralisk x4  
  185  13:24  Hydralisk x3  
  199  13:33  Zerg Missile Weapons Level 3  
  196  13:53  Hydralisk x3  
  199  14:15  Lurker x4  
  199  14:22  Hydralisk x2  
  199  14:29  Zergling x20  
  199  14:47  Hatchery  
  189  14:54  Hydralisk x5  
  189  14:59  Roach x2  
  181  15:15  Roach x2  
  181  15:16  Lurker x2, Roach x2  
  173  15:26  Lurker x5  
  178  15:33  Drone x3  
  181  15:40  Lurker x4  
  185  15:43  Zergling x12  
  191  15:54  Hatchery, Nydus Network  
  191  15:56  Hatchery  
  185  15:57  Hatchery  
  181  16:08  Drone x7  
  181  16:09  Drone  
  189  16:14  Spore Crawler x2  
  187  16:25  Overseer  
  187  16:35  Nydus Canal  
  187  16:38  Drone x4, Overseer  
  190  16:46  Zerg Ground Armor Level 1  
  187  16:56  Drone x4  
  190  17:15  Extractor  
  190  17:16  Spore Crawler  
  190  17:19  Extractor  
  190  17:21  Viper x2, Spore Crawler  
  192  17:24  Spore Crawler  
  192  17:25  Viper  
  194  17:37  Drone x5  
  196  17:42  Extractor  
  196  17:49  Drone  
  197  17:56  Lurker  
  197  17:57  Lurker  
  199  17:58  Nydus Canal  
  199  18:07  Spore Crawler  
  199  18:08  Drone x2, Spore Crawler  
  199  18:22  Spine Crawler, Drone x3, Extractor x2  
  199  18:23  Spore Crawler  
  199  18:26  Spine Crawler  
  197  18:32  Spine Crawler, Drone x3  
  197  18:33  Spine Crawler  
  197  18:34  Spine Crawler  
  197  18:38  Drone  
  198  18:45  Drone  
Tags
 
Composition
Lurkers
Matchup
PvZ
Opening
Pool First
Replay Pack
December 2023
Spawn Locations
Cross Positions
Add a new tag
Caveats
  • Supply blocks, unpowered buildings, or Contaminate may cause inaccurate times.
  • Supply counts are checked every 10 seconds.